 Dungeon Crawl Stone Soup version 0.30.0-29-ga12c61a403 (webtiles) character file.

Game seed: 8696423335854615382

22 feetsoup the Caller (level 2, 0/20 HPs)
             Began as a Gnoll Wanderer on June 20, 2023.
             Killed by nerve-wracking pain
             ... invoked by Jessica
              (8 damage)
             ... on level 2 of the Dungeon.
             The game lasted 00:04:10 (1304 turns).

feetsoup the Caller (Gnoll Wanderer)                Turns: 1304, Time: 00:04:12

Health: 0/20       AC:  7    Str:  8    XL:     2   Next: 91%
Magic:  5/7        EV:  8    Int: 12    God:
Gold:   15         SH:  0    Dex: 13    Spells: 9/10 levels left

rFire   . . .        a - +0 quarterstaff
rCold   . . .        (shield currently unavailable)
rNeg    . . .        b - +0 scale mail
rPois   .            (no helmet)
rElec   .            (no cloak)
rCorr   .            (no gloves)
SInv    .            (no boots)
Will    .....        (no amulet) Stlth
                     (no ring)
HPRegen 0.23/turn    (no ring)
MPRegen 0.10/turn

%: no passive effects
@: no status effects
A: fangs 1, strong nose, distributed training
a: no special abilities


You were on level 2 of the Dungeon.
You visited 1 branch of the dungeon, and saw 2 of its levels.

You collected 15 gold pieces.

Inventory:

Hand Weapons
 a - a +0 quarterstaff (weapon)
 d - a +0 sling
Missiles
 g - 15 stones
 m - 4 boomerangs
Armour
 b - a +0 scale mail (worn)
Scrolls
 e - a scroll of enchant weapon {unknown}
 f - a scroll of immolation {unknown}
 h - 3 scrolls of brand weapon {unknown}
 i - a scroll of magic mapping {unknown}
 j - a scroll of blinking {unknown}
 k - a scroll of identify {unknown}
Potions
 c - a potion of berserk rage
 l - a potion of flight {unknown}


   Skills:
 + Level 0.5 Fighting
 + Level 0.5 Short Blades
 + Level 0.5 Long Blades
 + Level 0.5 Axes
 + Level 0.5 Maces & Flails
 + Level 0.5 Polearms
 + Level 2.5 Staves
 + Level 0.5 Ranged Weapons
 + Level 0.5 Throwing
 + Level 6.5 Armour
 + Level 0.5 Dodging
 + Level 0.5 Stealth
 + Level 0.5 Shields
 + Level 0.5 Unarmed Combat
 + Level 4.9 Spellcasting
 + Level 0.4 Conjurations
 + Level 0.4 Hexes
 + Level 7.0 Summonings
 + Level 0.4 Necromancy
 + Level 0.4 Translocations
 + Level 0.4 Transmutations
 + Level 0.4 Fire Magic
 + Level 0.4 Ice Magic
 + Level 0.4 Air Magic
 + Level 0.4 Earth Magic
 + Level 0.4 Poison Magic
 + Level 0.7 Invocations
 + Level 0.5 Evocations


You had 9 spell levels left.
You knew the following spells:

 Your Spells              Type           Power      Damage    Failure   Level
a - Summon Small Mammal   Summ           80%        N/A       9%          1

Your spell library contained the following spells:

 Spells                   Type           Power      Damage    Failure   Level
 Animate Armour           Summ/Erth      22%        N/A       97%         4
 Summon Lightning Spire   Summ/Air       11%        N/A       97%         4


Dungeon Overview and Level Annotations

Branches:
Dungeon (2/15)

Altars:

Annotations:
D:2 Jessica


Innate Abilities, Weirdness & Mutations

You have very sharp teeth.
Your uncanny sense of smell can sniff out nearby items.
Your experience applies equally to all skills.


Message History

The sling bullet hits you but does no damage.
Your quokka bites the goblin.
Found a book of Dreams.
Your quokka bites the goblin.
The goblin shoots a sling bullet.
The sling bullet hits your quokka.
Your quokka dies!
Your quokka's corpse disappears in a puff of smoke!
Casting: Summon Small Mammal (safe; 9% risk of failure)
Press: ? - help, Q - select action, (/) - cycle Dir - look around, f - activate Your bat barely misses the goblin.
Jessica mumbles some strange words.
Jessica seems to speed up.
Your bat hits the goblin.
The goblin unwields a +0 sling.
The goblin wields a +0 dagger.
The goblin barely misses you.
You closely miss the goblin.
The goblin is almost dead.
Your bat hits Jessica. Jessica hits you with a +0 club.
The goblin hits you but does no damage.
You barely miss the goblin.
The goblin is almost dead.
Your bat misses the goblin. Jessica hits you but does no damage.
Your quokka bites the goblin.
The goblin dies!
Jessica closely misses you.
Your quokka bites Jessica but does no damage.
You hit Jessica. You bite Jessica, but do no damage.
Jessica is heavily wounded.
Your bat closely misses Jessica.
Jessica hits you with a +0 club. Jessica gestures at you while chanting.
You resist with some effort.
Your quokka misses Jessica. You barely miss Jessica.
Jessica is heavily wounded.
Jessica hits you with a +0 club.
Your bat barely misses Jessica.
Your quokka bites Jessica.
Jessica hits you with a +0 club.
You hit Jessica.
Jessica is almost dead.
Your bat closely misses Jessica.
Your quokka bites Jessica but does no damage.
Jessica casts a spell at you. Pain shoots through your body!
You die...

#### . #...#######
..# #.........##
#### .
..#....$.....∆ .....
..# $..#.....# ....
....##.......# ...
#...#<.....# #.#
#.<.@@b..#####..#
##..r)........>#
#...........).######
###.....###.........
.....>...<.......#
.......#>######...
#.####... ## #:#
#...# ...#.


You could see Jessica (fast, ally target), a friendly quokka (summoned) and a
friendly bat (summoned).

Vanquished Creatures
  A dart slug (D:1)
  An endoplasm (D:1)
  A goblin (D:2)
  A hobgoblin (D:1)
  A quokka (D:1)
  4 ball pythons (D:1)
  A frilled lizard (D:2)
  3 kobolds (D:1)
13 creatures vanquished.

Vanquished Creatures (collateral kills)
  A goblin (D:2)
  2 jackals (D:1)
  A kobold (D:1)
  A ball python (D:1)
5 creatures vanquished.

Grand Total: 18 creatures vanquished

Notes
Turn   | Place    | Note
-------+----------+-------------------------------------------
     0 | D:1      | feetsoup the Gnoll Wanderer began the quest for the Orb.
     0 | D:1      | feetsoup set off with the following items: a +0
                  | quarterstaff, a +0 scale mail, a potion of berserk rage;
                  | and the following spell memorised: Summon Small Mammal; and
                  | the following spells available to memorise: Animate Armour,
                  | Summon Lightning Spire.
     0 | D:1      | Reached XP level 1. HP: 13/13 MP: 6/6
   230 | D:1      | Reached XP level 2. HP: 19/19 MP: 7/7
  1219 | D:2      | Noticed Jessica
  1304 | D:2      | Killed from afar by Jessica

Illustrated notes

Levels and vault maps discovered:
D:1:      sevenhm_arrival_forest_fort_large_2, layout_basic,
          serial_co_window_serial, co_window_paths_b, co_window_corner_a,
          co_window_of_opportunity_a, co_window_paths_b, co_window_corner_a,
          co_window_broadway_c, co_window_corner_b, co_window_cross_4,
          co_window_2corner, co_window_sun, glass_columns_a, glass_columns_a,
          glass_columns_a
D:2:      layout_rooms, uniq_jessica, uniq_sigmund, uniq_robin

Action                     || total
---------------------------++-------
  Melee: Quarterstaff      ||    53
         Bite              ||     2
   Cast: Summon Small Mamm ||    12
 Armour: Scale mail        ||    36
  Dodge: Dodged            ||    23
